Map: Ascension to Aiur LE

Players

SamuraiFunn - Winner!

  • Race: Protoss Protoss
  • Spawn Location: 5:00

A.I. 1 (Elite)

  • Race: Terran Terran
  • Spawn Location: 11:00

VOD

Have the link to the VOD?

Description

Time

  • Played on: Nov. 24, 2017, 4:57 p.m.
  • Length: 13:34
Show
View Real Time Build Order
Export as new Build Order

SamuraiFunn Protoss - Winner!

Build Orders:  

Get SALT Encoding   

  12  0:01  Probe  
  13  0:13  Probe  
  14  0:22  Pylon  
  14  0:31  Probe  
  15  0:44  Probe  
  15  0:45  Gateway  
  16  0:56  Probe, Assimilator  
  17  1:08  Probe  
  17  1:10  Gateway  
  18  1:20  Probe  
  19  1:28  Assimilator  
  19  1:32  Probe  
  20  1:33  Zealot  
  22  1:43  Pylon  
  22  2:01  Zealot  
  22  2:06  Cybernetics Core  
  24  2:12  Probe  
  25  2:20  Nexus  
  25  2:29  Probe  
  26  2:50  Robotics Facility  
  26  2:54  Probe  
  26  2:55  Assimilator  
  27  3:06  Probe  
  28  3:14  Robotics Facility  
  28  3:19  Assimilator  
  28  3:20  Probe  
  28  3:23  Pylon  
  29  3:32  Probe  
  30  3:39  Immortal  
  30  3:40  Probe  
  35  3:48  Probe  
  36  3:52  Probe  
  37  4:00  Probe  
  38  4:04  Probe  
  38  4:07  Immortal  
  43  4:16  Twilight Council  
  43  4:19  Probe  
  43  4:20  Probe  
  45  4:27  Warp Gate (Chrono Boost)  
  45  4:35  Immortal  
  49  4:44  Sentry  
  51  4:50  Probe x2  
  53  4:54  Charge  
  53  5:05  Pylon  
  53  5:10  Pylon  
  53  5:11  Probe  
  54  5:23  Probe, Zealot x2  
  54  5:28  Immortal  
  63  5:32  Immortal  
  67  5:58  Probe x2  
  67  6:01  Pylon  
  69  6:19  Zealot x2  
  69  6:20  Immortal  
  77  6:34  Probe  
  77  6:35  Nexus  
  77  6:37  Pylon  
  78  6:55  Probe x2  
  78  6:56  Immortal  
  78  6:59  Pylon  
  84  7:02  Pylon  
  84  7:04  Pylon  
  84  7:08  Probe x2  
  86  7:10  Pylon  
  86  7:17  Immortal  
  86  7:20  Probe  
  91  7:36  Immortal  
  95  7:48  Gateway x2  
  95  7:50  Gateway  
  95  7:51  Probe x3  
  95  7:55  Zealot x2  
  95  7:57  Immortal  
  106  8:16  Probe, Robotics Bay  
  106  8:17  Probe x2  
  106  8:19  Zealot x2  
  113  8:25  Immortal  
  117  8:38  Probe  
  118  8:45  Zealot x2  
  122  8:50  Probe  
  81  9:14  Zealot x2  
  81  9:15  Zealot  
  81  9:16  Zealot x2  
  91  9:23  Immortal x2  
  99  9:32  Gateway  
  99  9:33  Gateway  
  99  9:34  Extended Thermal Lance  
  99  9:35  Robotics Facility  
  99  9:37  Robotics Facility  
  99  9:40  Forge  
  99  9:42  Forge  
  99  10:04  Zealot x5  
  109  10:18  Protoss Ground Armor Level 1 (Chrono Boost), Protoss Ground Weapons Level 1 (Chrono Boost)  
  103  10:35  Immortal x2  
  89  11:00  Zealot x3  
  89  11:01  Zealot x2  
  99  11:06  Warp Prism x2  
  103  11:14  Immortal x2  
  107  11:43  Observer x2  
  107  11:46  Zealot x5  
  117  12:06  Colossus x2  
  129  12:14  Pylon  
  129  12:16  Pylon  
  129  12:18  Pylon x2  
  129  12:32  Colossus x2  
  129  12:34  Zealot x2  
  129  12:35  Zealot x2  
  129  12:36  Zealot  
  133  12:58  Stalker x3  
  133  12:59  Stalker  
  133  13:00  Stalker  
Show
View Real Time Build Order
Export as new Build Order

A.I. 1 (Elite) Terran 

Build Orders: MMM Bio 

Get SALT Encoding   

  12  0:00  SCV  
  13  0:13  SCV  
  14  0:19  Supply Depot  
  14  0:25  SCV  
  15  0:40  SCV  
  15  0:42  Barracks  
  16  0:52  SCV  
  17  1:04  SCV  
  18  1:16  SCV  
  18  1:17  Supply Depot  
  19  1:22  Refinery  
  19  1:29  SCV, Marine  
  21  1:41  SCV  
  22  1:47  Marine  
  22  1:51  Refinery  
  22  1:53  SCV  
  24  2:05  SCV, Marine  
  26  2:17  SCV  
  26  2:21  Factory  
  27  2:23  Marine  
  27  2:29  SCV  
  29  2:31  Barracks  
  29  2:41  SCV, Marine  
  29  2:43  Supply Depot  
  31  2:53  Orbital Command  
  31  2:59  Barracks Tech Lab  
  31  3:07  Starport  
  31  3:10  Supply Depot  
  31  3:17  Marine x2  
  33  3:26  Stimpack  
  33  3:35  Marine  
  33  3:36  Barracks Tech Lab  
  33  3:40  Supply Depot  
  34  3:44  Medivac  
  34  3:45  SCV  
  37  3:51  Supply Depot  
  37  3:53  Marine  
  37  3:54  Marine  
  39  4:02  Combat Shields  
  39  4:11  Marine  
  39  4:14  Medivac  
  42  4:24  Marine  
  42  4:29  SCV, Marauder  
  46  4:35  Supply Depot  
  46  4:36  Command Center  
  46  4:42  Marauder  
  46  4:44  Medivac  
  50  4:51  Marauder  
  52  5:00  Engineering Bay  
  52  5:03  Marine  
  53  5:11  Engineering Bay  
  53  5:12  Marauder  
  55  5:21  Marauder  
  55  5:26  Terran Infantry Armor Level 1  
  57  5:33  Barracks, Marauder  
  59  5:37  Terran Infantry Weapons Level 1  
  59  5:43  Marauder  
  61  5:50  SCV  
  61  5:54  Marine  
  61  5:56  SCV, Refinery  
  64  6:02  SCV  
  65  6:04  Marauder  
  65  6:05  Concussive Shells  
  65  6:08  SCV  
  68  6:13  Marauder  
  68  6:15  SCV  
  70  6:20  SCV, Barracks Reactor  
  71  6:27  SCV  
  71  6:32  SCV  
  73  6:38  Factory Tech Lab, Marauder  
  73  6:39  SCV  
  76  6:41  Supply Depot  
  76  6:44  SCV  
  77  6:51  SCV  
  77  6:53  Command Center  
  78  6:59  Siege Tank  
  78  7:00  SCV  
  82  7:03  SCV  
  83  7:13  SCV  
  83  7:15  SCV  
  85  7:16  Supply Depot  
  85  7:25  SCV  
  85  7:26  Missile Turret  
  85  7:27  SCV  
  87  7:31  Siege Tank  
  87  7:32  Missile Turret  
  90  7:37  Orbital Command  
  90  7:43  Supply Depot  
  90  7:45  Marine x2  
  91  7:53  Armory  
  91  8:03  Siege Tank  
  94  8:06  SCV x2  
  94  8:07  Barracks  
  94  8:08  SCV  
  97  8:18  SCV  
  98  8:21  SCV  
  98  8:22  SCV  
  100  8:30  SCV  
  100  8:33  SCV  
  102  8:35  SCV, Missile Turret, Siege Tank  
  106  8:41  Terran Infantry Weapons Level 2  
  106  8:42  Starport Reactor, SCV, Missile Turret  
  106  8:45  SCV  
  106  8:46  Marauder  
  106  8:47  SCV  
  111  8:52  Supply Depot  
  111  8:54  SCV, Marauder  
  112  8:57  SCV  
  112  8:58  Marine  
  112  8:59  SCV  
  112  9:00  Marine  
  101  9:03  Marine  
  101  9:06  SCV  
  101  9:07  Marine  
  101  9:09  SCV  
  88  9:12  SCV  
  88  9:15  Marine  
  88  9:16  Marine  
  88  9:18  Marine  
  88  9:21  Marine  
  88  9:24  Orbital Command  
  90  9:25  Marine, Ghost Academy  
  91  9:33  Marine, Siege Tank  
  91  9:34  Marine  
  91  9:36  Marine  
  97  9:39  Marine  
  97  9:42  Marine  
  99  9:47  SCV  
  99  9:48  Missile Turret  
  99  9:51  Marauder  
  99  9:52  Marine  
  102  9:53  Marine  
  102  9:57  Marine  
  104  10:00  Marine  
  104  10:03  Refinery  
  104  10:04  Widow Mine, Refinery  
  107  10:10  Supply Depot  
  107  10:12  Ghost  
  109  10:14  Missile Turret  
  109  10:18  Ghost  
  111  10:26  SCV  
  111  10:27  SCV  
  103  10:29  SCV  
  103  10:32  Marine  
  103  10:33  Widow Mine  
  103  10:34  Marine  
  93  10:38  SCV  
  93  10:39  Marine  
  93  10:41  Ghost  
  85  10:45  SCV  
  85  10:47  Marauder  
  82  10:50  Marine  
  82  10:52  Marine  
  82  10:53  SCV  
  82  10:57  Marine  
  80  11:02  Siege Tank  
  76  11:09  Ghost, Marauder  
  76  11:10  Marine  
  81  11:12  Marine  
  81  11:14  Marine  
  81  11:15  SCV x2  
  78  11:27  SCV x2  
  78  11:28  Marine  
  78  11:30  Marine, Marauder  
  78  11:32  Marine  
  84  11:38  Marine  
  84  11:39  SCV  
  76  11:46  Marine  
  69  11:47  Marine  
  69  11:50  Marine  
  69  11:51  SCV, Ghost  
  71  11:56  Marauder  
  54  12:03  SCV  
  54  12:04  Marine  
  54  12:05  Marine  
  54  12:06  Command Center  
  41  12:18  Marauder  
  41  12:20  Marauder  
  42  12:39  Marauder  
Tags
 
Composition
MMM Bio
Matchup
PvT
Replay Pack
First 100 games
Spawn Locations
Cross Positions
Add a new tag
Caveats
  • Supply blocks, unpowered buildings, or Contaminate may cause inaccurate times.
  • Supply counts are checked every 10 seconds.